PAA
MINNESOTA LOONS @ MARQUETTE MINERS
07/30/2033
 
TOP OF THE 1ST
Minnesota Loons batting - Pitching for Marquette Miners : RHP Eric Alderliesten
Pitching: RHP Eric Alderliesten
Batting: RHB Héctor Espiga 0-0: Ball
1-0: Foul Ball, location: 2F
1-1: Foul Ball, location: 2F
1-2: Foul Ball, location: 2F
1-2: Ball
2-2: Ground out 5-3 (Groundball, 56)
Batting: RHB Augusto Manuel 0-0: Ball
1-0: Fly out, F9 (Flyball, 89M)
Batting: RHB Júlio Vargas 0-0: Ball
1-0: Swinging Strike
1-1: Fly out, F8 (Flyball, 8RD)
Top of the 1st over - 0 runs, 0 hits, 0 errors, 0 left on base; Minnesota 0 - Marquette 0
BOTTOM OF THE 1ST
Marquette Miners batting - Pitching for Minnesota Loons : LHP Steve Tedder
Pitching: LHP Steve Tedder
Batting: RHB Sameen Shaw 0-0: Ball
1-0: Ball
2-0: Called Strike
2-1: Ground out 3-1 (Groundball, 34)
Batting: RHB Mike Elzey 0-0: Ball
1-0: Called Strike
1-1: Ball
2-1: Ball
3-1: Foul Ball, location: 2F
3-2: Strikes out swinging
Batting: RHB Brock Dean 0-0: Fly out, F3 (Popup, 3)
Bottom of the 1st over - 0 runs, 0 hits, 0 errors, 0 left on base; Minnesota 0 - Marquette 0
TOP OF THE 2ND
Minnesota Loons batting - Pitching for Marquette Miners : RHP Eric Alderliesten
Batting: LHB Xuan-ling Chen 0-0: Ball
1-0: Called Strike
1-1: Swinging Strike
1-2: Ball
2-2: Fly out, F5 (Popup, 5S)
Batting: RHB Ramón Yniguez 0-0: Called Strike
0-1: Ball
1-1: Swinging Strike
1-2: Foul Ball, location: 2F
1-2: Ball
2-2: Ball
3-2: Strikes out looking
Batting: RHB Jimmy Fick 0-0: Ball
1-0: Ball
2-0: Ground out 5-3 (Groundball, 56)
Top of the 2nd over - 0 runs, 0 hits, 0 errors, 0 left on base; Minnesota 0 - Marquette 0
BOTTOM OF THE 2ND
Marquette Miners batting - Pitching for Minnesota Loons : LHP Steve Tedder
Batting: RHB Franklin Kelley 0-0: Ball
1-0: Called Strike
1-1: Ball
2-1: Foul Ball, location: 2F
2-2: Ball
3-2: Foul Ball, location: 2F
3-2: Foul Ball, location: 2F
3-2: Base on Balls
Batting: RHB Eli Cline 0-0: Ball
1-0: Called Strike
1-1: SINGLE (Line Drive, 89M)
Franklin Kelley to second
Batting: RHB Andrew Cantrell 0-0: Grounds into double play, 4-6-3 (Groundball, 4M)
Franklin Kelley to third
Batting: RHB Mark Keys 0-0: Ball
1-0: Ground out 5-3 (Groundball, 56S)
Bottom of the 2nd over - 0 runs, 1 hit, 0 errors, 1 left on base; Minnesota 0 - Marquette 0
TOP OF THE 3RD
Minnesota Loons batting - Pitching for Marquette Miners : RHP Eric Alderliesten
Batting: RHB Dave Sosa 0-0: Swinging Strike
0-1: Swinging Strike
0-2: Strikes out swinging
Batting: LHB Bill Bean 0-0: Called Strike
0-1: Swinging Strike
0-2: Ball
1-2: Strikes out swinging
Batting: SHB Raúl Mateo 0-0: Called Strike
0-1: Ball
1-1: Ball
2-1: Called Strike
2-2: Foul Ball, location: 2F
2-2: Foul Ball, location: 2F
2-2: Foul Ball, location: 2F
2-2: Ground out 4-3 (Groundball, 4M)
Top of the 3rd over - 0 runs, 0 hits, 0 errors, 0 left on base; Minnesota 0 - Marquette 0
BOTTOM OF THE 3RD
Marquette Miners batting - Pitching for Minnesota Loons : LHP Steve Tedder
Batting: RHB Roy Bowman 0-0: Called Strike
0-1: Foul Ball, location: 2F
0-2: Ball
1-2: Ball
2-2: SINGLE (Line Drive, 56)
Batting: RHB Sang-hyuk Han 0-0: Fly out, F8 (Flyball, 8RS)
Batting: RHB Sameen Shaw 0-0: Called Strike
0-1: DOUBLE (Line Drive, 89D)
Roy Bowman to third
Runner from 3rd tries for Home, SAFE, no throw
Batting: RHB Mike Elzey 0-0: Foul Ball, location: 2F
0-1: Ball
1-1: Fly out, F9 (Flyball, 9S)
Batting: RHB Brock Dean 0-0: DOUBLE (Flyball, 78D)
Sameen Shaw scores
Batting: RHB Franklin Kelley 0-0: Ball
1-0: Ball
2-0: Ball
3-0: Called Strike
3-1: Base on Balls
Batting: RHB Eli Cline 0-0: Ball
1-0: Ball
2-0: Called Strike
2-1: Foul Ball, location: 2F
2-2: Fly out, F7 (Flyball, 7S)
Bottom of the 3rd over - 2 runs, 3 hits, 0 errors, 2 left on base; Minnesota 0 - Marquette 2
TOP OF THE 4TH
Minnesota Loons batting - Pitching for Marquette Miners : RHP Eric Alderliesten
Batting: RHB Héctor Espiga 0-0: Swinging Strike
0-1: Ball
1-1: Ball
2-1: Called Strike
2-2: Ball
3-2: SINGLE (Groundball, 56D)
Batting: RHB Augusto Manuel 0-0: Called Strike
0-1: Ball
1-1: Swinging Strike
1-2: Fly out, F5 (Line Drive, 56)
Batting: RHB Júlio Vargas 0-0: Ball
Héctor Espiga is caught stealing 2nd base
1-0: Foul Ball, location: 2F
1-1: Swinging Strike
1-2: Ball
2-2: Foul Ball, location: 2F
2-2: Ball
3-2: Base on Balls
Batting: LHB Xuan-ling Chen 0-0: Ball
1-0: Ball
2-0: Foul Ball, location: 2F
2-1: Foul Ball, location: 2F
2-2: Ball
3-2: Base on Balls
Júlio Vargas to second
Batting: RHB Ramón Yniguez 0-0: Foul Ball, location: 2F
0-1: Fly out, F4 (Line Drive, 4)
Top of the 4th over - 0 runs, 1 hit, 0 errors, 2 left on base; Minnesota 0 - Marquette 2
BOTTOM OF THE 4TH
Marquette Miners batting - Pitching for Minnesota Loons : LHP Steve Tedder
Batting: RHB Andrew Cantrell 0-0: Ball
1-0: Ball
2-0: Called Strike
2-1: Swinging Strike
2-2: Strikes out swinging
Batting: RHB Mark Keys 0-0: Ball
1-0: Foul Ball, location: 2F
1-1: Foul Ball, location: 2F
1-2: Fly out, F8 (Flyball, 8RM)
Batting: RHB Roy Bowman 0-0: Called Strike
0-1: Foul Ball, location: 2F
0-2: Ball
1-2: Fly out, F8 (Flyball, 8RM)
Bottom of the 4th over - 0 runs, 0 hits, 0 errors, 0 left on base; Minnesota 0 - Marquette 2
TOP OF THE 5TH
Minnesota Loons batting - Pitching for Marquette Miners : RHP Eric Alderliesten
Batting: RHB Jimmy Fick 0-0: Ball
1-0: Ball
2-0: Called Strike
2-1: Ball
3-1: Called Strike
3-2: Base on Balls
Batting: RHB Dave Sosa 0-0: Ball
Pickoff Throw by Catcher to First - Out!
1-0: Fly out, F8 (Flyball, 8LD)
Batting: LHB Bill Bean 0-0: Swinging Strike
0-1: Fly out, F8 (Flyball, 8LS)
Top of the 5th over - 0 runs, 0 hits, 0 errors, 0 left on base; Minnesota 0 - Marquette 2
BOTTOM OF THE 5TH
Marquette Miners batting - Pitching for Minnesota Loons : LHP Steve Tedder
Batting: RHB Sang-hyuk Han 0-0: Fly out, F6 (Popup, 6MD)
Batting: RHB Sameen Shaw 0-0: Ball
1-0: Foul Ball, location: 2F
1-1: Ball
2-1: DOUBLE (Line Drive, 7LM)
Batting: RHB Mike Elzey 0-0: Called Strike
0-1: Ball
1-1: Foul Ball, location: 2F
1-2: 2-RUN HOME RUN (Flyball, 9LD), Distance : 382 ft
Batting: RHB Brock Dean 0-0: SINGLE (Line Drive, 6D)
Batting: RHB Franklin Kelley 0-0: Ball
Brock Dean is caught stealing 2nd base
1-0: Ball
2-0: Fly out, F7 (Flyball, 7LS)
Bottom of the 5th over - 2 runs, 3 hits, 0 errors, 0 left on base; Minnesota 0 - Marquette 4
TOP OF THE 6TH
Minnesota Loons batting - Pitching for Marquette Miners : RHP Eric Alderliesten
Batting: SHB Raúl Mateo 0-0: Ball
1-0: Swinging Strike
1-1: Swinging Strike
1-2: Foul Ball, location: 2F
1-2: Ball
2-2: Fly out, F8 (Flyball, 8RS)
Batting: RHB Héctor Espiga 0-0: SINGLE (Line Drive, 5D)
Batting: RHB Augusto Manuel 0-0: Ground out 4-3 (Groundball, 4S)
Héctor Espiga to second
Batting: RHB Júlio Vargas 0-0: Ball
1-0: Swinging Strike
1-1: Foul Ball, location: 2F
1-2: Foul Ball, location: 2F
1-2: Hit by Pitch
Batting: LHB Xuan-ling Chen 0-0: Ball
1-0: Called Strike
1-1: Ball
2-1: Ball
3-1: Base on Balls
Héctor Espiga to third
Júlio Vargas to second
Batting: RHB Ramón Yniguez 0-0: Ball
1-0: Called Strike
1-1: Foul Ball, location: 2F
1-2: Ball
2-2: Fly out, F8 (Flyball, 8RXD)
Top of the 6th over - 0 runs, 1 hit, 0 errors, 3 left on base; Minnesota 0 - Marquette 4
BOTTOM OF THE 6TH
Marquette Miners batting - Pitching for Minnesota Loons : LHP Steve Tedder
Batting: RHB Eli Cline 0-0: Ball
1-0: Fly out, F8 (Line Drive, 8LD)
Batting: RHB Andrew Cantrell 0-0: Called Strike
0-1: Called Strike
0-2: Ball
1-2: Ball
2-2: Foul Ball, location: 2F
2-2: Strikes out swinging
Batting: RHB Mark Keys 0-0: Ball
1-0: Ground out 1-3 (Groundball, 13)
Bottom of the 6th over - 0 runs, 0 hits, 0 errors, 0 left on base; Minnesota 0 - Marquette 4
TOP OF THE 7TH
Minnesota Loons batting - Pitching for Marquette Miners : RHP Eric Alderliesten
Batting: RHB Jimmy Fick 0-0: Ball
1-0: Fly out, F7 (Line Drive, 7S)
Batting: RHB Dave Sosa 0-0: Called Strike
0-1: Called Strike
0-2: Strikes out looking
Batting: LHB Bill Bean 0-0: Called Strike
0-1: Ball
1-1: Fly out, F8 (Flyball, 8LM)
Top of the 7th over - 0 runs, 0 hits, 0 errors, 0 left on base; Minnesota 0 - Marquette 4
BOTTOM OF THE 7TH
Marquette Miners batting - Pitching for Minnesota Loons : LHP Steve Tedder
Batting: RHB Roy Bowman 0-0: Swinging Strike
0-1: Swinging Strike
0-2: Strikes out looking
Batting: RHB Sang-hyuk Han 0-0: Called Strike
0-1: Ball
1-1: Called Strike
1-2: Strikes out swinging
Batting: RHB Sameen Shaw 0-0: Ball
1-0: Ball
2-0: SINGLE (Groundball, 56D)
Batting: RHB Mike Elzey 0-0: Called Strike
0-1: Foul Ball, location: 2F
0-2: Strikes out looking
Bottom of the 7th over - 0 runs, 1 hit, 0 errors, 1 left on base; Minnesota 0 - Marquette 4
TOP OF THE 8TH
Minnesota Loons batting - Pitching for Marquette Miners : RHP Eric Alderliesten
Batting: SHB Raúl Mateo 0-0: Ball
1-0: Ball
2-0: Called Strike
2-1: Fly out, F4 (Line Drive, 4)
Batting: RHB Héctor Espiga 0-0: Ball
1-0: DOUBLE (Line Drive, 78D)
Batting: RHB Augusto Manuel 0-0: Fly out, F9 (Line Drive, 9)
Batting: RHB Júlio Vargas 0-0: Ball
1-0: Called Strike
1-1: Swinging Strike
1-2: Foul Ball, location: 2F
1-2: Foul Ball, location: 2F
1-2: Strikes out looking
Top of the 8th over - 0 runs, 1 hit, 0 errors, 1 left on base; Minnesota 0 - Marquette 4
BOTTOM OF THE 8TH
Marquette Miners batting - Pitching for Minnesota Loons : LHP Steve Tedder
Pitching: RHP Aubrey McCrimmon
Batting: RHB Brock Dean 0-0: Ball
1-0: Fly out, F7 (Flyball, 7LS)
Batting: RHB Franklin Kelley 0-0: Ball
1-0: Ball
2-0: Called Strike
2-1: Foul Ball, location: 2F
2-2: Strikes out swinging
Batting: RHB Eli Cline 0-0: Called Strike
0-1: Ball
1-1: Foul Ball, location: 2F
1-2: Ball
2-2: Ground out 4-3 (Groundball, 4M)
Bottom of the 8th over - 0 runs, 0 hits, 0 errors, 0 left on base; Minnesota 0 - Marquette 4
TOP OF THE 9TH
Minnesota Loons batting - Pitching for Marquette Miners : RHP Eric Alderliesten
Batting: LHB Xuan-ling Chen 0-0: Fly out, F8 (Flyball, 78D)
Batting: RHB Ramón Yniguez 0-0: SINGLE (Groundball, 4MD)
Pitching: LHP Seymour Hummel
Batting: RHB Jimmy Fick 0-0: Ball
1-0: Fly out, F9 (Flyball, 9D)
Batting: RHB Dave Sosa 0-0: Ball
1-0: Swinging Strike
1-1: Called Strike
1-2: Ball
Wild Pitch!
Ramón Yniguez to second
2-2: Strikes out swinging, 2-3 out at first.
Top of the 9th over - 0 runs, 1 hit, 0 errors, 1 left on base; Minnesota 0 - Marquette 4
Saturday, December 22nd, 2018 - OOTP Baseball 18.8 Build 76